 Dungeon Crawl Stone Soup version 0.28.0 (webtiles) character file.

Game seed: 2074707365061701870

3412 Ajdolov the Carver (level 10, -5/91 HPs)
             Began as a Formicid Abyssal Knight on Feb 14, 2022.
             Was an Elder of Lugonu.
             Slain by an orc warrior (19 damage)
             ... in a bailey on Feb 15, 2022.
             The game lasted 00:18:06 (8570 turns).

Ajdolov the Carver (Formicid Abyssal Knight)        Turns: 8570, Time: 00:18:07

Health: -5/91      AC: 10    Str: 22    XL:     10   Next: 25%
Magic:  16/16      EV:  6    Int: 10    God:    Lugonu [****..]
Gold:   428        SH:  0    Dex: 11    Spells: 9/9 levels left

rFire   . . .      SeeInvis +   o - +4 scimitar (drain)
rCold   . . .      Faith    .   (no shield)
rNeg    . . .      Spirit   .   x - +0 plate armour
rPois   .          Reflect  .   (helmet unavailable)
rElec   .          Harm     .   (no cloak)
rCorr   .          Rampage  .   (no gloves)
Will    +....                   (no boots)
Stlth   ..........              u - amulet of Vitality {Regen+ HP+15}
HPRegen 1.05/turn               (no ring)
MPRegen 0.15/turn               (no ring)

@: mighty
A: permanent stasis, dig shafts and tunnels, antennae 3, four strong arms
a: Dig, Renounce Religion, Depart the Abyss, Bend Space, Banish, Corrupt


You were in a bailey.
You worshipped Lugonu.
Lugonu was greatly pleased with you.
You visited 1 branch of the dungeon, and saw 7 of its levels.
You visited the Abyss 1 time.
You also visited: Sewer and Bailey.

You collected 600 gold pieces.
You spent 172 gold pieces at shops.

Inventory:

Hand Weapons
 o - a +4 scimitar of draining (weapon)
 p - a +0 broad axe
Missiles
 q - 9 boomerangs (quivered)
Armour
 x - a +0 plate armour (worn)
Jewellery
 u - the amulet of Vitality (around neck) {Regen+ HP+15}
   (You found it on level 6 of the Dungeon)

   [amulet of regeneration]

   HP:        It affects your health (+15).
   Regen:     It increases your rate of health regeneration.
Wands
 a - a wand of polymorph (12)
 t - a wand of paralysis (4)
Scrolls
 c - a scroll of vulnerability {unknown}
 e - a scroll of fear {unknown}
 i - 5 scrolls of identify
 l - a scroll of teleportation {unknown}
 n - 2 scrolls of enchant weapon
 s - a scroll of immolation {unknown}
 w - a scroll of fog {unknown}
Potions
 b - 3 potions of lignification {unknown}
 d - a potion of haste {unknown}
 f - a potion of cancellation {unknown}
 g - a potion of curing
 h - 2 potions of berserk rage {unknown}
 j - a potion of mutation {unknown}
 k - 2 potions of attraction
 m - a potion of might
 r - 3 potions of flight {unknown}
 v - a potion of degeneration {unknown}


   Skills:
 + Level 6.0 Fighting
 * Level 11.6 Long Blades
 - Level 2.1 Armour
 - Level 0.8 Dodging
 - Level 8.0 Invocations


You had 9 spell levels left.
You didn't know any spells.
Your spell library contained the following spells:

 Spells                   Type           Power      Damage    Failure   Level
 Beastly Appendage        Tmut           0%         N/A       100%        1
 Magic Dart               Conj           0%         1d3       100%        1
 Summon Small Mammal      Summ           0%         N/A       100%        1
 Call Imp                 Summ           0%         N/A       100%        2
 Corpse Rot               Necr/Air       0%         N/A       100%        2
 Poisonous Vapours        Pois/Air       0%         N/A       100%        2
 Wereblood                Tmut           0%         N/A       100%        2
 Call Canine Familiar     Summ           0%         N/A       100%        3
 Mephitic Cloud           Conj/Pois/Air  0%         N/A       100%        3
 Ozocubu's Armour         Ice            0%         N/A       100%        3
 Spider Form              Tmut/Pois      0%         N/A       100%        3
 Summon Guardian Golem    Hex/Summ       0%         N/A       100%        3
 Ozocubu's Refrigeration  Ice            0%         4d5       100%        7


Dungeon Overview and Level Annotations

Branches:
Dungeon (7/15)              Sewer (visited)          Bailey (1/1)
 Temple: D:4-7

Altars:
Ashenzari
Fedhas

Shops:
D:3 *   D:4 *(**   D:5 *   D:6 !=:

Annotations:
D:2 1 runed translucent door, Crazy Yiuf


Innate Abilities, Weirdness & Mutations

You cannot be hasted, slowed, berserked, paralysed or teleported.
You can dig through walls and to a lower floor.
You have a pair of large antennae on your head. (SInv)
Your four strong arms can wield two-handed weapons with a shield.


Message History

The orc knight jeers to no one in particular.
Items here: )) [[ ††.
An orc warrior comes into view. It is wielding a +0 war axe.
The orc warrior shouts!
You hear a shout!
The orc warrior moves out of view.
The orc warrior shouts!
The orc warrior hits you with a +0 war axe.
You closely miss the orc warrior.
The orc warrior hits you with a +0 war axe!
You closely miss the orc warrior.
The orc warrior hits you with a +0 war axe!
You slash the orc warrior! You drain the orc warrior.
The orc warrior is severely wounded.
The orc warrior hits you with a +0 war axe!!
You feel very mighty all of a sudden.
You feel better.
You slash the orc knight! You drain the orc knight.
The orc knight is lightly wounded.
The orc warrior no longer looks unusually strong.
The orc knight hits you with a +0 war axe!
You slash the orc knight!
The orc knight is heavily wounded.
The orc warrior no longer looks unusually strong.
The orc knight hits you with a +0 war axe!
* * * LOW HITPOINT WARNING * * *
You hit the orc knight. You drain the orc knight.
The orc knight is heavily wounded.
You slash the orc knight! You drain the orc knight.
The orc knight is severely wounded.
The orc knight hits you with a +0 war axe.
* * * LOW HITPOINT WARNING * * *
The kobold shouts!
The orc knight roars a battlecry!
The orc warriors go into a battle-frenzy!
The orc warrior hits you with a +0 hand axe!!
* * * LOW HITPOINT WARNING * * *
Okay, then.
You feel better.
The orc warrior hits you with a +0 hand axe!!
You die...

..)..≈≈≈≈≈≈≈≈≈≈≈≈≈≈
........≈≈≈≈≈≈≈≈≈#
###.............#
####......∩..##
###.....o.##
####..o..##
####...## ##o..###
##.@...##
##.......##
#.........#
#....∩....#
#.........#
##.......##
###...### #####


You could see an orc knight (drained) and 2 orc warriors.

Vanquished Creatures
  Grinder (D:4)
  A wraith (D:6)
  Sigmund (D:4)
  4 yaks
  A steam dragon (D:7)
  2 water moccasins (D:5)
  2 orc warriors
  3 ice beasts (D:5)
  A necrophage (D:6)
  2 ogres (D:5)
  3 phantoms
  A bullfrog (Sewer)
  A wyvern skeleton (D:7)
  A water moccasin skeleton (D:5)
  A howler monkey (D:5)
  2 centaur zombies
  2 orc priests
  5 hounds
  A jelly (D:6)
  2 iguanas
  Natasha (thrice) (D:4)
  6 orc wizards (D:6)
  2 hound skeletons (D:4)
  Robin (D:4)
  A gnoll (Bailey)
  9 adders
  A shadow imp (D:5)
  A white imp (D:6)
  2 worms
  3 dart slugs
  9 orcs
  7 endoplasms
  11 giant cockroaches
  16 goblins
  6 hobgoblins
  8 quokkas
  14 ball pythons
  5 bats
  10 frilled lizards
  13 kobolds
  4 rats
169 creatures vanquished.

Notes
Turn   | Place    | Note
-------+----------+-------------------------------------------
     0 | Abyss:1  | Ajdolov the Formicid Abyssal Knight began the quest for the
                  | Orb.
     0 | Abyss:1  | Reached XP level 1. HP: 18/18 MP: 2/2
    53 | Abyss:2  | Found a corrupted altar of Lugonu.
    60 | Abyss:2  | Found a corrupted altar of Lugonu.
    71 | Abyss:2  | Noticed a raiju
    88 | Abyss:2  | Noticed a tentacled starspawn
    89 | D:1      | Escaped the Abyss
   208 | D:1      | Reached * piety under Lugonu
   454 | D:1      | Reached XP level 2. HP: 24/24 MP: 3/3
   861 | D:1      | Reached skill level 3 in Long Blades
  1441 | D:2      | Reached XP level 3. HP: 9/29 MP: 4/4
  1791 | D:2      | Found a runed translucent door.
  1792 | D:2      | Noticed Crazy Yiuf
  2017 | D:2      | Found a broken altar of Ashenzari.
  2302 | D:2      | Reached XP level 4. HP: 34/35 MP: 5/5
  2613 | D:2      | Reached skill level 4 in Long Blades
  2848 | D:3      | Found a glowing drain.
  2865 | Sewer    | Entered a sewer
  2903 | Sewer    | Reached XP level 5. HP: 41/41 MP: 7/7
  2921 | Sewer    | Reached ** piety under Lugonu
  3374 | Sewer    | Noticed a bullfrog
  3382 | Sewer    | Killed a bullfrog
  3383 | Sewer    | Reached skill level 5 in Long Blades
  3383 | Sewer    | Reached XP level 6. HP: 25/47 MP: 8/8
  4039 | D:4      | Found Xuarisua's General Store.
  4046 | D:4      | Bought a +0 broad axe for 44 gold pieces
  4046 | D:4      | Bought a scroll of magic mapping for 38 gold pieces
  4047 | D:4      | Bought a scroll of identify for 22 gold pieces
  4051 | D:4      | Found Atuotihia's Weapon Shop.
  4052 | D:4      | Noticed a yak
  4072 | D:4      | Killed a yak
  4073 | D:4      | Reached XP level 7. HP: 52/52 MP: 8/10
  4103 | D:4      | Noticed a yak
  4105 | D:4      | Reached skill level 6 in Long Blades
  4107 | D:4      | Noticed a yak
  4125 | D:4      | Noticed a yak
  4132 | D:3      | Killed a yak
  4133 | D:3      | Reached skill level 5 in Invocations
  4234 | D:4      | Found Difed's General Store.
  4434 | D:4      | Reached *** piety under Lugonu
  4438 | D:4      | Bought a scroll of identify for 24 gold pieces
  4452 | D:4      | Noticed Grinder
  4459 | D:4      | Found Xeciuriq's General Store.
  4791 | D:4      | Noticed Robin
  4921 | D:3      | Killed a yak
  4922 | D:3      | Reached skill level 7 in Long Blades
  4922 | D:3      | Reached XP level 8. HP: 49/58 MP: 10/12
  4944 | D:4      | Killed a yak
  5115 | D:4      | Killed Grinder
  5116 | D:4      | Reached skill level 8 in Long Blades
  5189 | D:4      | Killed Robin
  5430 | D:4      | Identified the +0 ring mail "Voxothir" {rC+ rN+ rCorr
                  | Int+2}
  5430 | D:4      | Noticed Sigmund
  5440 | D:4      | Killed Sigmund
  5473 | D:4      | Noticed Natasha
  5476 | D:4      | Killed Natasha
  5570 | D:4      | Noticed Natasha
  5578 | D:4      | Killed Natasha
  5590 | D:4      | Noticed Natasha
  5594 | D:4      | Killed Natasha
  5730 | D:5      | Entered Level 5 of the Dungeon
  5834 | D:5      | Reached skill level 9 in Long Blades
  5834 | D:5      | Reached XP level 9. HP: 28/64 MP: 14/14
  6108 | D:5      | Found a blossoming altar of Fedhas.
  6473 | D:5      | Found Afeont's Serpentskin Sales.
  6480 | D:5      | Reached skill level 10 in Long Blades
  7120 | D:6      | Found the amulet of Vitality {Regen+ HP+15}
  7162 | D:6      | Found Vaplas's Book Shoppe.
  7191 | D:6      | Reached **** piety under Lugonu
  7234 | D:6      | Found Jadgh's Jewellery Shoppe.
  7653 | D:6      | Found Xehanargho's Distillery.
  7733 | D:6      | Bought a potion of might for 44 gold pieces
  7817 | D:6      | Reached skill level 5 in Fighting
  7817 | D:6      | Reached XP level 10. HP: 74/74 MP: 16/16
  7850 | D:6      | Reached skill level 11 in Long Blades
  8381 | D:7      | Found a flagged portal.
  8406 | Bailey   | Entered a bailey
  8529 | Bailey   | Noticed an orc knight
  8570 | Bailey   | Slain by an orc warrior

Illustrated notes

Levels and vault maps discovered:
D:1:      minmay_arrival_stair_chambers, layout_basic, serial_corexii_hall,
          chequers_hall_statues_y, corexii_hall_statues_x,
          chequers_hall_statues_wall_a, corexii_hall_statues_i,
          corexii_hall_statues_l, chequers_hall_statues_corner_a
D:2:      layout_loops_cross, basic_altar, uniq_crazy_yiuf_cottage
D:3:      layout_basic, cheibrodos_sewer_entry_drain
D:4:      layout_rooms, serial_shops, shop,
          nicolae_shop_competitors_out_of_business, nicolae_shop_behind_doors,
          nicolae_shop_bloodbath_and_beyond, uniq_grinder, uniq_robin,
          uniq_natasha, uniq_sigmund
D:5:      layout_gridville, mainiacjoe_overflow_chevrons, guppyfry_shop_venom
D:6:      layout_gridville, serial_shops, shop, nicolae_shop_advertising_works
          [nicolae_subvault_shop_adworks], shop
D:7:      layout_loops_ring, zin_angel, minmay_temple_entry_glassed_door,
          enter_bailey_5
Bailey:   bailey_axe_4, bailey

Skill      XL: |  1  2  3  4  5  6  7  8  9 10 |
---------------+-------------------------------+-----
Long Blades    | 3 4 5 7 9 10 11 | 11.6
Invocations    | 3 4 5 7 8 |  8.0
Fighting       | 5 6 |  6.0
Armour         | |  2.1
Dodging        | |  0.8

Action                   |  1- 3 |  4- 6 |  7- 9 | 10-12 || total
-------------------------+-------+-------+-------+-------++-------
Melee: Falchion          |   100 |   124 |       |       ||   224
       Punch             |       |     1 |     3 |       ||     4
       Scimitar          |       |    14 |   205 |    93 ||   312
Throw: Boomerang         |       |       |       |     4 ||     4
Invok: Depart the Abyss  |     1 |       |       |       ||     1
 Abil: Dig               |       |       |     1 |     2 ||     3
Evoke: Wand              |       |     5 |     5 |       ||    10
  Use: Scroll            |       |     5 |       |       ||     5
       Potion            |       |       |     1 |     3 ||     4
Armor: Leather armour    |     2 |       |       |       ||     2
       Ring mail         |    50 |    56 |    63 |       ||   169
       Plate armour      |       |       |     4 |    54 ||    58
Dodge: Dodged            |    51 |   110 |    97 |    29 ||   287
